 Dungeon Crawl Stone Soup version 0.30.0-18-gc0e69614cb (webtiles) character file.

Game seed: 5253791325000858762

123004 cheesebisquit the Brawler (level 16, -23/138 (165) HPs)
             Began as a Troll Warper on May 25, 2023.
             Was a Priest of Okawaru.
             Annihilated by a pharaoh ant (39 damage)
             ... on level 1 of the Spider Nest.
             The game lasted 02:42:04 (37303 turns).

cheesebisquit the Brawler (Troll Warper)           Turns: 37303, Time: 02:42:04

HP:   -23/138 (165) AC:  7    Str: 31    XL:     16   Next: 36%
MP:   21/21         EV: 11    Int: 20    God:    Okawaru [***...]
Gold: 1916          SH: 15    Dex: 11    Spells: 2/19 levels left

rFire   . .          .
                       - Unarmed
rCold   . . .        a - +2 kite shield
rNeg    . . .        R - +1 troll leather armour
rPois   .            (helmet restricted)
rElec   +            (no cloak)
rCorr   +            (gloves unavailable)
SInv    +            (boots unavailable)
Will    ++...        C - amulet "Midd" {Reflect rElec rCorr Int+5 SH+5 Stlth-}
Stlth   +            H - ring of Nutoo {Will+ Str+8 Dex+2}
HPRegen 2.03/turn    d - ring of see invisible
MPRegen 0.17/turn

%: reflection
@: heavily drained
A: large, unfitting armour, claws 3, regeneration 1, shaggy fur 1, tough skin 1
a: Renounce Religion, Heroism


You were on level 1 of the Spider Nest.
You worshipped Okawaru.
Okawaru was most pleased with you.
You visited 5 branches of the dungeon, and saw 25 of its levels.
You also visited: Ossuary.

You collected 3151 gold pieces.
You spent 1235 gold pieces at shops.

Inventory:

Hand Weapons
 e - a +1 short sword of electrocution
 h - a +1 dagger of venom
 M - a +3 giant spiked club of venom
Missiles
 c - 7 boomerangs of dispersal
 m - 13 atropa-tipped darts
 p - 3 datura-tipped darts
 r - 20 javelins
 t - 28 poisoned darts
 u - a throwing net
 z - 5 boomerangs (quivered)
 G - 22 large rocks
 J - 3 silver javelins
 U - 15 curare-tipped darts
Armour
 a - a +2 kite shield (worn)
 R - a +1 troll leather armour (worn)
Jewellery
 d - a ring of see invisible (right claw)
 f - a +4 ring of protection
 x - a ring of resist corrosion
 C - the amulet "Midd" (around neck) {Reflect rElec rCorr Int+5 SH+5 Stlth-}
   (You found it on level 12 of the Dungeon)

   [amulet of reflection]

   It reflects blocked missile attacks.
   Int:       It affects your intelligence (+5).
   rElec:     It insulates you from electricity.
   rCorr:     It protects you from acid and corrosion.
   SH:        It affects your SH (+5).
   Stlth:     It makes you less stealthy.
 H - the ring of Nutoo (left claw) {Will+ Str+8 Dex+2}
   (You acquired it on level 9 of the Dungeon)

   [ring of willpower]

   Str:       It affects your strength (+8).
   Dex:       It affects your dexterity (+2).
   Will:      It increases your willpower.
 V - a ring of willpower
 W - the amulet "Viegak" {Rampage rPois Regen+ Str-4}
   (You found it on level 11 of the Dungeon)

   [amulet of regeneration]

   Str:       It affects your strength (-4).
   rPois:     It protects you from poison.
   Regen:     It increases your rate of health regeneration.
   Rampage:   It bestows one free step when moving towards enemies.
 Y - a +4 ring of protection
Wands
 j - a wand of digging (5)
 o - a wand of polymorph (5)
 w - a wand of iceblast (33)
 E - a wand of paralysis (39)
 I - a wand of light (18)
 K - a wand of flame (20)
Scrolls
 g - a scroll of brand weapon
 i - 2 scrolls of identify
 k - 2 scrolls of immolation
 l - 2 scrolls of amnesia
 q - 4 scrolls of poison
 y - 5 scrolls of vulnerability
 A - 2 scrolls of teleportation
 B - 4 scrolls of butterflies
 D - 3 scrolls of silence
 O - 3 scrolls of torment
 S - a scroll of fog
 X - a scroll of magic mapping
Potions
 n - 4 potions of brilliance
 s - 3 potions of lignification
 v - 2 potions of resistance
 F - 5 potions of flight
 L - a potion of magic
 P - 9 potions of curing
 Q - a potion of might
 T - 3 potions of attraction
 Z - a potion of cancellation


   Skills:
 + Level 12.0 Fighting
 - Level 8.8 Throwing
 - Level 2.0 Armour
 - Level 8.0 Dodging
 - Level 2.0 Stealth
 - Level 4.7 Shields
 * Level 16.4 Unarmed Combat
 - Level 2.0 Spellcasting
 * Level 5.6 Translocations
 - Level 2.0 Air Magic
 - Level 8.0 Invocations
 - Level 8.0 Evocations


You had 2 spell levels left.
You knew the following spells:

 Your Spells              Type           Power      Damage    Failure   Level
a - Blink                 Tloc           48%        N/A       4%          2
b - Lesser Beckoning      Tloc           48%        N/A       4%          2
c - Teleport Other        Tloc           24%        N/A       10%         3
d - Vhi's Electric Charg  Tloc/Air       34%        N/A       21%         3
e - Manifold Assault      Tloc           24%        N/A       30%         4
f - Portal Projectile     Hex/Tloc       26%        N/A       30%         3

Your spell library contained the following spells:

 Spells                   Type           Power      Damage    Failure   Level
 Beastly Appendage        Tmut           4%         N/A       30%         1
 Freeze                   Ice            8%         1d3       30%         1
 Sting                    Tmut/Pois      8%         1d3       30%         1
 Poisonous Vapours        Pois/Air       12%        N/A       30%         2
 Wereblood                Tmut           2%         N/A       43%         2
 Passage of Golubria      Tloc           24%        N/A       30%         4
 Mephitic Cloud           Conj/Pois/Air  4%         N/A       58%         3
 Frozen Ramparts          Ice            4%         1d1       67%         3
 Hailstorm                Conj/Ice       2%         3d3       67%         3
 Spider Form              Tmut/Pois      2%         N/A       67%         3
 Stone Arrow              Conj/Erth      4%         3d7       67%         3
 Ice Form                 Ice/Tmut       2%         N/A       97%         4
 Leda's Liquefaction      Hex/Erth       1%         N/A       97%         4
 Olgreb's Toxic Radiance  Pois           2%         N/A       97%         4
 Petrify                  Tmut/Erth      2%         N/A       97%         4
 Silence                  Hex/Air        3%         N/A       99%         5
 Blade Hands              Tmut           1%         N/A       100%        5
 Freezing Cloud           Conj/Ice/Air   2%         6-21      100%        5
 Metabolic Englaciation   Hex/Ice        1%         N/A       100%        5
 Statue Form              Tmut/Erth      1%         N/A       100%        6
 Dragon Form              Tmut           1%         N/A       100%        7
 Lehudib's Crystal Spear  Conj/Erth      1%         10d2      100%        8
 Chain Lightning          Conj/Air       3%         3d4       100%        9
 Fire Storm               Conj/Fire      1%         7d1       100%        9
 Polar Vortex             Ice            1%         N/A       100%        9
 Shatter                  Erth           1%         3d5*      100%        9
 Call Canine Familiar     Summ           Unusable   N/A       N/A         3
 Tukima's Dance           Hex            Unusable   N/A       N/A         3
 Animate Armour           Summ/Erth      Unusable   N/A       N/A         4
 Simulacrum               Ice/Necr       Unusable   N/A       N/A         6

Dungeon Overview and Level Annotations

Branches:
Dungeon (15/15)            Temple (1/1) D:5            Lair (5/5) D:9
 Shoals (0/4) Lair:2       Spider (2/4) Lair:3        Slime (0/5) Lair:4
    Orc (2/2) D:12            Elf (0/3) Orc:2        Vaults (0/5) D:14
 Depths (0/4) D:15        Ossuary (visited)

Altars:
Ashenzari
Cheibriados
Dithmenos
Elyvilon
Fedhas
Gozag
Hepliaklqana
Kikubaaqudgha
Makhleb
Nemelex Xobeh
Okawaru
Qazlal
Ru
Sif Muna
Trog
Uskayaw
Vehumet
Wu Jian
Xom
Yredelemnul
Zin
The Shining One

Shops:
D:1 (   D:9 *   D:11 !   Orc:1 *   Orc:2 *[=(

Portals:
Trove: D:13 (give +7 demon trident)

Annotations:
D:15 4 transporters
Lair:3 3 runed translucent doors, monsoonserge's ghost, journeyman GnAE
Lair:5 1 runed translucent door, JanusIIV's ghost, journeyman DEHu


Innate Abilities, Weirdness & Mutations

You are too large for most types of armour.
You have claws for hands.
Your natural rate of healing is unusually fast.
You are covered in fur. (AC +1)
You have tough skin. (AC +1)


Message History

The demonic crawler is severely wounded.
The demonic crawler hits you!
You block the demonic crawler's attack. x2
You mangle the demonic crawler!!
You kill the demonic crawler!
Okawaru accepts your kill.
The pharaoh ant gives a chilling moan.
You block the pharaoh ant's attack.
The spark wasp bursts into living lightning!
The living lightning hits you. You resist.
The spark wasp blinks!
The pharaoh ant barely misses you. The pharaoh ant bites you!
You feel drained. The spark wasp stings you. The spark wasp shocks you.
You resist. The pharaoh ant closely misses you. The spark wasp stings you.
The spark wasp shocks you. You resist. The spark wasp stings you!
The spark wasp shocks you. You resist.
The pharaoh ant attacks as you move away!
You block the pharaoh ant's attack.
The spark wasp attacks as you move away!
The spark wasp stings you! The spark wasp shocks you. You resist.
You block the spark wasp's attack.
The pharaoh ant attacks as you move away!
You block the pharaoh ant's attack.
The pharaoh ant attacks as you move away!
You block the pharaoh ant's attack. The spark wasp stings you!
The spark wasp shocks you. You resist. You block the pharaoh ant's attack.
The spark wasp attacks as you move away!
You block the spark wasp's attack.
There is a stone staircase leading up, spattered with blood here.
The spark wasp stings you!! The spark wasp shocks you. You resist.
* * * LOW HITPOINT WARNING * * *
You block the pharaoh ant's attack. The spark wasp stings you!!
* * * LOW HITPOINT WARNING * * *
The spark wasp shocks you. You resist.
* * * LOW HITPOINT WARNING * * *
You climb upwards.
There is a stone staircase leading down, spattered with blood here.
As you read the scroll of fear, it crumbles to dust.
You assume a fearsome visage.
The pharaoh ant is unaffected.
The spark wasp looks frightened!
You block the pharaoh ant's attack. The pharaoh ant bites you!!!
You die...

####≈≈#..#....###.~
#≈~~.~........##...
#≈~..##..#?.###....
#≈....#............
###.....##..........#
##.#..#............^.#
##......y.......#######
####...................##.
#~......#@B.............#.
##......≈#...#....##...##.
##^.#..~≈##.####......#..
####.~#..###.)...#...#..
##≈~...###....###.^#..
##≈#.....#.......####..
#≈≈~.....##.^#..## #.~
#≈≈≈≈........#### ###
#≈#≈≈........# #..


You could see a spark wasp (fleeing) and a pharaoh ant.

Vanquished Creatures
  Rupert (D:14)
  Mlioglotl (Spider:1)
  Agnes (D:15)
  Roxanne (D:15)
  Kirke (D:15)
  A fire giant (D:11)
  A ghost moth (Spider:1)
  An orc warlord (Orc:2)
  A broodmother (Spider:1)
  Azrael (D:14)
  An ettin (Orc:2)
  A quicksilver dragon zombie (D:15)
  Josephine (D:14)
  An entropy weaver (Spider:2)
  8 hydras
  5 vault guards
  A jorogumo (Spider:1)
  Erolcha (D:11)
  A death knight (D:15)
  7 centaur warriors
  3 boulder beetles
  2 tengu warriors
  8 two-headed ogres
  5 orc high priests
  A deep elf knight (D:11)
  The ghost of AverageBear the Cleaver, a novice OpFi of Cheibriados (D:8)
  The ghost of AverageBear the Trooper, a novice DgDe (D:7)
  8 skeletal warriors
  A pharaoh ant (Spider:1)
  An orb spider (Spider:2)
  The ghost of PerfectTommy the Chopper, a novice MiFi of Okawaru (D:7)
  A phantasmal warrior (D:15)
  2 steelbarb worms (Spider:2)
  7 orc knights
  A harpy (shapeshifter) (D:15)
  A necromancer (D:15)
  A deep elf pyromancer (D:14)
  An oklob plant (Lair:4)
  5 orc sorcerers
  11 ugly things
  4 wolf spiders
  A fire giant zombie (D:15)
  6 manticores
  3 cyclopes
  A salamander (shapeshifter) (D:13)
  A stone giant zombie (D:15)
  A fire giant skeleton (D:15)
  3 elephants
  4 black mambas
  6 demonic crawlers
  A gargoyle (D:11)
  3 torpor snails
  Joseph (D:9)
  11 cane toads
  4 unseen horrors
  11 komodo dragons
  An efreet (D:13)
  A kobold demonologist (D:14)
  An unseen horror (shapeshifter) (D:14)
  6 rime drakes
  2 freezing wraiths (D:15)
  A tengu conjurer (D:13)
  5 trolls
  The ghost of mlgnoniceguy the Cudgeller, an amateur MiBe of Trog (D:4)
  2 ice devils (D:11)
  6 polar bears
  Prince Ribbit (D:9)
  4 meliai
  3 tarantellas
  6 hornets (Lair:5)
  A tarantella (shapeshifter) (D:14)
  7 dream sheep (Lair:4)
  15 blink frogs
  3 slime creatures (D:12)
  A centaur simulacrum (D:14)
  4 culicivoras
  6 jumping spiders
  2 shadows
  14 spriggans
  10 wyverns
  2 fire elementals (D:14)
  A hog (D:15)
  9 wraiths
  40 yaks
  11 vampire mosquitoes
  3 humans (D:15)
  11 basilisks
  12 redbacks
  5 wargs
  Edmund (D:4)
  A two-headed ogre zombie (D:12)
  2 acid dragons (D:11)
  3 hell hounds (D:14)
  20 water moccasins
  Duvessa (D:4)
  2 ice beasts (D:5)
  42 orc warriors
  7 black bears
  18 wolves
  2 ogres (Orc:2)
  4 boggarts
  18 centaurs
  2 phantoms
  13 kobold brigands
  2 gnoll sergeants
  15 bullfrogs
  4 wights (D:9)
  A troll zombie (D:12)
  Dowan (D:4)
  9 killer bees
  5 howler monkeys
  4 electric eels
  A gnoll bouda (Orc:1)
  3 human zombies (Ossuary)
  3 jellies
  24 orc priests
  2 hounds
  Ijyb (D:4)
  6 iguanas
  2 sleepcaps
  A hell rat (Lair:3)
  31 orc wizards
  6 ogre zombies (D:12)
  5 mummies (Ossuary)
  6 adders
  16 gnolls
  2 white imps
  3 dart slugs
  90 orcs
  13 ball pythons
  4 bats
  A bat zombie (D:10)
  7 endoplasms
  2 giant cockroaches (D:3)
  6 goblins
  4 hobgoblins
  17 jackals
  21 kobolds
  A quokka (D:4)
  6 frilled lizards
  A gnoll zombie (Ossuary)
  6 goblin zombies
  3 hobgoblin zombies (D:12)
  A kobold zombie (Ossuary)
  19 orc zombies
  8 rats
  2 rat zombies (D:10)
858 creatures vanquished.

Vanquished Creatures (others)
  An orc wizard (D:5)
1 creature vanquished.

Grand Total: 859 creatures vanquished

Notes
Turn   | Place    | Note
-------+----------+-------------------------------------------
     0 | D:1      | cheesebisquit the Troll Warper began the quest for the Orb.
     0 | D:1      | Reached XP level 1. HP: 19/19 MP: 1/1
   215 | D:1      | Reached XP level 2. HP: 27/27 MP: 2/2
   254 | D:1      | Reached skill level 3 in Unarmed Combat
   403 | D:1      | Reached XP level 3. HP: 32/33 MP: 3/3
   426 | D:1      | Found Pyomm's Weapon Shoppe.
  1123 | D:2      | Found a faded altar of an unknown god.
  1171 | D:2      | Reached skill level 4 in Unarmed Combat
  1210 | D:2      | Reached XP level 4. HP: 26/41 MP: 4/4
  2461 | D:3      | Reached skill level 5 in Unarmed Combat
  2792 | D:4      | Noticed a phantom
  2808 | D:4      | Killed a phantom
  2809 | D:4      | Reached skill level 1 in Throwing
  2809 | D:4      | Reached XP level 5. HP: 48/49 MP: 4/6
  2837 | D:4      | Noticed mlgnoniceguy's ghost (amateur MiBe)
  2862 | D:4      | Noticed Ijyb
  2887 | D:4      | Killed Ijyb
  2956 | D:4      | Reached skill level 1 in Armour
  2956 | D:4      | Reached XP level 6. HP: 38/57 MP: 7/7
  3086 | D:4      | Noticed Edmund
  3098 | D:4      | Found a runed translucent door.
  3161 | D:4      | Noticed Dowan
  3171 | D:4      | Killed Dowan
  3261 | D:4      | Found a broken altar of Ashenzari.
  3313 | D:4      | Reached skill level 1 in Stealth
  3404 | D:4      | Noticed Duvessa
  3413 | D:4      | Killed Duvessa
  3414 | D:4      | Reached XP level 7. HP: 47/65 MP: 7/9
  3556 | D:4      | Learned a level 2 spell: Blink
  3559 | D:4      | Learned a level 2 spell: Lesser Beckoning
  3563 | D:4      | Learned a level 3 spell: Teleport Other
  3567 | D:4      | Learned a level 3 spell: Vhi's Electric Charge
  3769 | D:5      | Entered Level 5 of the Dungeon
  3812 | D:4      | Reached skill level 6 in Unarmed Combat
  3994 | D:5      | Found a staircase to the Ecumenical Temple.
  4012 | D:5      | Reached skill level 1 in Evocations
  4014 | Temple   | Entered the Ecumenical Temple
  4160 | D:5      | Reached skill level 1 in Air Magic
  4160 | D:5      | Reached XP level 8. HP: 70/72 MP: 10/10
  4280 | D:5      | Reached skill level 7 in Unarmed Combat
  4673 | D:6      | Found a sand-covered staircase.
  4678 | Ossuary  | Entered an ossuary
  5077 | D:6      | Found a snail-covered altar of Cheibriados.
  5274 | D:6      | Found a shadowy altar of Dithmenos.
  5812 | D:7      | Found an opulent altar of Gozag.
  5849 | D:7      | Reached skill level 8 in Unarmed Combat
  6127 | D:7      | Found a runed translucent gate.
  6128 | D:7      | Found a runed translucent gate.
  6128 | D:7      | Found a runed translucent gate.
  6130 | D:7      | Noticed PerfectTommy's ghost (novice MiFi)
  6130 | D:7      | Noticed AverageBear's ghost (novice DgDe)
  6195 | D:7      | Reached XP level 9. HP: 83/84 MP: 11/11
  7044 | D:8      | Reached skill level 5 in Fighting
  7048 | D:8      | Reached skill level 9 in Unarmed Combat
  7517 | D:8      | Found a runed translucent gate.
  7517 | D:8      | Found a runed translucent gate.
  7517 | D:8      | Found a runed translucent gate.
  7518 | D:8      | Noticed AverageBear's ghost (novice OpFi)
  7705 | D:9      | Noticed Joseph
  7706 | D:9      | Found Rinoc's General Store.
  7714 | D:9      | Killed Joseph
  7742 | D:9      | Found a shimmering blue altar of Sif Muna.
  7748 | D:9      | Noticed Prince Ribbit
  7767 | D:9      | Killed Prince Ribbit
  7807 | D:9      | Reached XP level 10. HP: 102/102 MP: 12/12
  7827 | D:9      | Reached skill level 10 in Unarmed Combat
  8187 | D:9      | Noticed a two-headed ogre
  8229 | D:9      | Killed a two-headed ogre
  8340 | D:9      | Found a staircase to the Lair.
  8394 | D:9      | Identified the +11 falchion of Deneddic {flame, rElec rPois
                  | rC++ Str-3}
  8851 | D:9      | Noticed a two-headed ogre
  8860 | D:9      | Killed a two-headed ogre
  8861 | D:9      | Reached skill level 5 in Throwing
  8861 | D:9      | Reached XP level 11. HP: 91/113 MP: 13/13
  9154 | D:10     | Entered Level 10 of the Dungeon
  9189 | D:9      | Learned a level 4 spell: Manifold Assault
  9252 | D:10     | Reached skill level 11 in Unarmed Combat
  9345 | D:10     | Found an iron altar of Okawaru.
  9806 | D:10     | Noticed a two-headed ogre
  9835 | D:10     | Killed a two-headed ogre
 10023 | D:10     | Became a worshipper of Warmaster Okawaru
 10062 | D:10     | Found an ancient bone altar of Kikubaaqudgha.
 10182 | D:11     | Found Ratzots's Distillery.
 10267 | D:11     | Found a frozen archway.
 10413 | D:11     | Noticed a brown ugly thing
 10424 | D:11     | Killed a brown ugly thing
 10424 | D:11     | Reached * piety under Okawaru
 10720 | D:11     | Reached ** piety under Okawaru
 10794 | D:11     | Noticed Erolcha
 10798 | D:11     | Killed Erolcha
 11021 | D:9      | Bought a potion of haste for 120 gold pieces
 11021 | D:9      | Bought a scroll of acquirement for 624 gold pieces
 11021 | D:9      | Bought a potion of curing for 36 gold pieces
 11021 | D:9      | Acquired the ring of Nutoo {Will+ Str+8 Dex+2}
 11267 | D:11     | Found a hide-covered altar of Uskayaw.
 11544 | D:11     | Reached skill level 12 in Unarmed Combat
 11544 | D:11     | Reached XP level 12. HP: 66/124 MP: 14/14
 11662 | D:11     | Reached *** piety under Okawaru
 11699 | D:11     | Noticed a fire giant
 11725 | D:11     | Killed a fire giant
 11825 | D:11     | Identified the +1 trident of Descent {flame, rPois rN++
                  | Dex-4}
 12020 | D:12     | Noticed a two-headed ogre
 12104 | D:12     | Killed a two-headed ogre
 12122 | D:12     | Identified the +0 ring mail "Zioth" {rN+ Str+2 Slay-6}
 12327 | D:12     | Found a staircase to the Orcish Mines.
 12729 | D:12     | Noticed a centaur warrior
 12831 | D:12     | Killed a centaur warrior
 12831 | D:12     | Reached **** piety under Okawaru
 12883 | D:12     | Reached skill level 10 in Fighting
 12919 | D:12     | Noticed a two-headed ogre
 12931 | D:12     | Killed a two-headed ogre
 12932 | D:12     | Reached skill level 5 in Dodging
 13060 | D:12     | Identified the amulet "Midd" {Reflect rElec rCorr Int+5
                  | SH+5 Stlth-}
 13514 | D:4      | Killed mlgnoniceguy's ghost
 13515 | D:4      | Reached skill level 1 in Shields
 13626 | D:7      | Killed PerfectTommy's ghost
 13636 | D:7      | Killed AverageBear's ghost
 13793 | D:8      | Killed AverageBear's ghost
 14314 | D:4      | Found a broken altar of Ashenzari.
 14674 | D:4      | Found a broken altar of Ashenzari.
 14842 | D:4      | Found an ornate altar of the Wu Jian Council.
 14846 | D:4      | Killed Edmund
 15111 | D:11     | Found Ratzots's Distillery.
 15801 | D:11     | Found a hide-covered altar of Uskayaw.
 15929 | D:11     | Got Fepp's Encyclopedia of the Icicle
 15931 | D:11     | Identified the +0 trident "Imubrepp" {pain, rN+ Dex+3}
 15934 | D:11     | Identified the amulet "Viegak" {Rampage rPois Regen+ Str-4}
 16462 | D:12     | Found a staircase to the Orcish Mines.
 16794 | Lair:1   | Entered Level 1 of the Lair of Beasts
 16909 | Lair:1   | Reached XP level 13. HP: 133/133 MP: 15/15
 17153 | Lair:1   | Received a gift from Okawaru
 17200 | Lair:1   | You fall into a shaft and drop 1 floor!
 17392 | Lair:1   | Received a gift from Okawaru
 18536 | Lair:2   | Found a staircase to the Shoals.
 19121 | Lair:3   | Reached skill level 1 in Invocations
 19228 | Lair:3   | Found a hole to the Spider Nest.
 19465 | Lair:3   | Found a runed translucent gate.
 19571 | Lair:3   | Noticed monsoonserge's ghost (journeyman GnAE)
 19613 | Lair:3   | Found a runed translucent gate.
 19614 | Lair:3   | Found a runed translucent gate.
 19790 | Lair:3   | Identified the +3 robe of Midnight {rF+ Str-3 Dex+2 Slay+3}
 19854 | Lair:3   | Reached skill level 5 in Invocations
 20941 | Lair:4   | Received a gift from Okawaru
 21395 | Lair:4   | Found a staircase to the Slime Pits.
 21878 | Lair:5   | Entered Level 5 of the Lair of Beasts
 21916 | Lair:4   | Reached XP level 14. HP: 132/143 MP: 19/19
 23577 | Lair:4   | Received a gift from Okawaru
 23708 | Lair:5   | Reached skill level 5 in Evocations
 24131 | Lair:5   | Identified the +1 ring mail "Dusy" {Str+5 Int+2}
 24134 | Lair:5   | Identified the +8 scale mail "Zesasch" {Dex+3}
 24179 | Lair:5   | Received a gift from Okawaru
 25060 | Lair:5   | Found a runed translucent door.
 25063 | Lair:5   | Noticed JanusIIV's ghost (journeyman DEHu)
 25064 | Lair:5   | Identified the +8 trident "Vogho" {vamp, rCorr Str+6}
 25414 | Orc:1    | Entered Level 1 of the Orcish Mines
 25955 | Orc:2    | Entered Level 2 of the Orcish Mines
 26635 | Orc:2    | Reached skill level 13 in Unarmed Combat
 26722 | Orc:2    | Found a staircase to the Elven Halls.
 26945 | Orc:2    | Noticed an orc warlord
 26976 | Orc:2    | Killed an orc warlord
 27527 | Orc:2    | Found Yqak's Antique Armour Emporium.
 27528 | Orc:2    | Found Jadul's Antique Weapon Shoppe.
 27530 | Orc:2    | Found Fyhull's General Store.
 27530 | Orc:2    | Found Roilih's Jewellery Emporium.
 28600 | Orc:1    | You fall into a shaft and drop 1 floor!
 28703 | Orc:1    | Received a gift from Okawaru
 28763 | Orc:1    | Found Jujegop's Assorted Antiques.
 28772 | Orc:1    | Bought a scroll labelled SUCLICZUYTER for 26 gold pieces
 28772 | Orc:1    | Bought a scroll of identify for 52 gold pieces
 28873 | Orc:2    | Bought a scroll of blinking for 120 gold pieces
 28873 | Orc:2    | Bought a scroll of identify for 32 gold pieces
 28875 | Orc:2    | Bought a ring of see invisible for 225 gold pieces
 28977 | D:13     | Reached XP level 15. HP: 142/152 MP: 18/20
 29085 | D:13     | Reached skill level 14 in Unarmed Combat
 29397 | D:13     | Found a portal to a secret trove of treasure.
 30152 | D:14     | Received a gift from Okawaru
 30277 | D:14     | Found a gate to the Vaults.
 30559 | D:14     | Noticed Azrael
 30570 | D:14     | Killed Azrael
 30577 | D:14     | Reached skill level 15 in Unarmed Combat
 30672 | D:14     | Received a gift from Okawaru
 30849 | D:14     | Noticed Rupert
 30851 | D:14     | Noticed Josephine
 30867 | D:14     | Killed Rupert
 30874 | D:14     | Killed Josephine
 31041 | D:15     | Entered Level 15 of the Dungeon
 31096 | D:15     | Identified Roxanne's Grimoire of Permutations
 31096 | D:15     | Noticed Roxanne
 31146 | D:15     | Received a gift from Okawaru
 31202 | D:15     | Found a staircase to the Depths.
 31205 | D:15     | Found a transporter.
 31205 | D:15     | Noticed Kirke
 31215 | D:15     | Killed Kirke
 31276 | D:15     | Noticed Agnes
 31472 | D:15     | Received a gift from Okawaru
 31586 | D:15     | Found a transporter.
 31592 | D:15     | Found a transporter.
 31611 | D:15     | Found a transporter.
 31668 | D:15     | Killed Agnes
 31910 | D:15     | Reached XP level 16. HP: 55/165 MP: 19/21
 32038 | D:15     | Received a gift from Okawaru
 32578 | D:15     | Killed Roxanne
 32619 | D:15     | Learned a level 3 spell: Portal Projectile
 32786 | Spider:1 | Entered Level 1 of the Spider Nest
 32803 | Lair:3   | HP: 4/165 [demonic crawler (13)]
 32955 | Lair:3   | Reached skill level 16 in Unarmed Combat
 33607 | Spider:1 | Noticed Mlioglotl
 33638 | Spider:1 | Killed Mlioglotl
 33948 | Spider:1 | Reached skill level 5 in Translocations
 37303 | Spider:1 | Annihilated by a pharaoh ant

Illustrated notes

Levels and vault maps discovered:
D:1:      dpeg_arrival_pits, layout_basic, serial_shops,
          nicolae_shop_hallway_stairs
D:2:      kb_forest_paths, layout_loops_corners,
          hellmonk_ecumenical_altar_heavens_door
D:3:      layout_rooms, nicolae_elevator_lobby_plus
D:4:      layout_rooms, mainiacjoe_overflow_alcove_1,
          nicolae_overflow_hidden_temple, hellmonk_ghost_happy_afterlife,
          serial_bayou_lake_a, uniq_duvessa, uniq_edmund, uniq_ijyb
D:5:      layout_rooms, minmay_temple_entry_steel_oval
D:6:      layout_basic, grunt_dithmenos_smoke_and_mirrors,
          mainiacjoe_overflow_24_doors, enter_ossuary_5
D:7:      layout_loops_corners, mainiacjoe_overflow_tiny_flanked,
          gammafunk_ghost_cemetery
D:8:      layout_rooms, gammafunk_ghost_nasty_kobolds
D:9:      layout_basic, amcnicky_altar_gilded, minmay_lair_entry_grove,
          serial_shops, shop, serial_park_tiny_1, uniq_prince_ribbit1,
          uniq_joseph
D:10:     layout_small_grid, lemuel_zombie_altar_kikubaaqudgha,
          mainiacjoe_overflow_surrounded_room
D:11:     minmay_the_grid_3x3 [minmay_the_grid_tree, minmay_the_grid_all_tris,
          minmay_the_grid_fan, minmay_the_grid_minigrid_medium,
          minmay_the_grid_minigrid_small_alt, minmay_the_grid_broken_lines,
          minmay_the_grid_armoury, minmay_the_grid_aliased_spiral,
          minmay_the_grid_prize_diamond_cup], layout_loops_cross,
          portal_ice_cave_demonic_guard, serial_shops, shop,
          nicolae_uskayaw_suspiria, uniq_erolcha
D:12:     layout_gridville, zombieorc2_lemuel
D:13:     layout_rooms, enter_trove_5
D:14:     layout_roguey, lightli_vaults_fourway_checkpoint, uniq_azrael,
          uniq_rupert, uniq_josephine
D:15:     gammafunk_depths_entry_grave, layout_rooms, serial_co_window_serial,
          co_window_of_opportunity_a, co_window_corner_a,
          co_window_of_opportunity_a, co_window_paths_b, co_window_cross_1,
          co_window_2corner, co_window_2corner, co_window_broadway_a,
          co_window_paths_c, co_window_of_opportunity_b, glass_columns_a,
          glass_columns_b, nicolae_transporter_intersection, uniq_kirke,
          uniq_agnes, uniq_roxanne
Temple:   nicolae_temple_superstar
Lair:1:   layout_gridlike, beast_lair_carwin_8, grunt_megastairs_3
Lair:2:   layout_gridlike, elwin_shoals_entry_rocks
Lair:3:   layout_roguey, spider_nest_entry_webs, special_room
          [special_room_mythical_zoo], gammafunk_ghost_icy,
          pdpol_lair_neglected_garden
Lair:4:   layout_regular_city, minmay_slime_entry_oklob_enclosed,
          serial_bayou_pond_b, minivault_24
Lair:5:   minmay_lair_end_enchanted_forest, layout_regular_city,
          ebering_ghost_funeral_grove, grunt_megastairs_4
Spider:1: layout_spider_delve, uniq_mlioglotl
Spider:2: layout_spider_delve, nicolae_spider_jagged_tunnels
Orc:1:    layout_caves, serial_shops, nicolae_lakefront_shop, bh_open_orc_temple
Orc:2:    st_orc_congregation, layout_caves

Skill      XL: |  1  2  3  4  5  6  7  8  9 10 11 12 13 14 15 16 |
---------------+-------------------------------------------------+-----
Unarmed Combat | 3 4 5 6 8 9 10 12 13 15 16 | 16.4
Throwing       | 1 2 5 8 |  8.8
Dodging        | 2 5 8 |  8.0
Fighting       | 2 3 7 8 9 10 11 12 | 12.0
Armour         | 1 2 |  2.0
Stealth        | 1 2 |  2.0
Spellcasting   | 2 |  2.0
Evocations     | 1 2 7 8 |  8.0
Air Magic      | 1 2 |  2.0
Shields        | 4 |  4.7
Invocations    | 8 |  8.0
Translocations | 4 5 |  5.6

Action                     |  1- 3 |  4- 6 |  7- 9 | 10-12 | 13-15 | 16-18 || total
---------------------------+-------+-------+-------+-------+-------+-------++-------
  Melee: Unarmed           |   103 |   134 |   292 |   637 |  1280 |   229 ||  2675
         Punch             |     2 |     5 |     8 |    35 |       |       ||    50
         Giant spiked club |       |       |       |       |     8 |       ||     8
  Throw: Dart              |       |    12 |    20 |    66 |   440 |    10 ||   548
         Javelin           |       |    12 |    35 |       |     4 |       ||    51
         Throwing net      |       |     1 |       |     3 |     5 |       ||     9
         Boomerang         |       |    12 |       |    31 |   200 |    86 ||   329
         Large rock        |       |       |       |       |    42 |       ||    42
 Invoke: Heroism           |       |       |       |     7 |    36 |     6 ||    49
         Finesse           |       |       |       |     2 |    12 |     2 ||    16
  Evoke: Wand              |       |       |       |     2 |     6 |       ||     8
    Use: Potion            |       |     4 |     2 |     8 |     6 |     3 ||    23
         Scroll            |       |     4 |     8 |    11 |    18 |     5 ||    46
   Stab: Sleeping          |     1 |     1 |     2 |     2 |       |       ||     6
         Invisible         |       |     1 |       |       |       |       ||     1
         Paralysed         |       |       |       |     2 |       |       ||     2
         Held in net/web   |       |       |       |     1 |     3 |       ||     4
 Armour: Robe              |    40 |    41 |    94 |    91 |       |       ||   266
         Troll leather arm |       |       |       |    80 |   312 |    36 ||   428
  Dodge: Dodged            |    44 |    47 |   156 |   243 |   405 |   104 ||   999
  Block: Kite shield       |       |       |       |    37 |   896 |   195 ||  1128
         Reflection        |       |       |       |     3 |    72 |       ||    75
         Other             |       |       |       |       |    13 |       ||    13
